 Dungeon Crawl Stone Soup version 0.31-b1-20-g67cafac56d (webtiles) character file.

Game seed: 10675651524737421854

51 hawla the Ducker (level 3, -11/18 HPs)
             Began as a Felid Shapeshifter on Jan 17, 2024.
             Mangled by Crazy Yiuf
             ... wielding a +2 quarterstaff of chaos
              (12 damage)
             ... on level 2 of the Dungeon.
             The game lasted 00:02:38 (1022 turns).

hawla the Ducker (Felid Shapeshifter)               Turns: 1022, Time: 00:02:39

Health: -11/18     AC:  1    Str: 12    XL:     3   Next: 58%
Magic:  4/4        EV: 18    Int: 13    God:
Gold:   63         SH:  0    Dex: 15    Spells: 2/2 levels left
                                        Lives:  0   Deaths: 1

rFire   . .          .
                       - Unarmed
rCold   . . .        (shield unavailable)
rNeg    . . .        (body armour unavailable)
rPois   .            (helmet unavailable)
rElec   .            (cloak unavailable)
rCorr   .            (gloves unavailable)
SInv    +            (boots unavailable)
Will    .....        (no amulet)
Stlth   +            (no ring)
HPRegen 0.23/turn    (no ring)
MPRegen 0.09/turn

%: no passive effects
@: beast-form
A: beast (slay +1), very small, claws 1, fangs 3, see invisible, shaggy fur 1,
stealthy paws, no weapons or thrown items, no armour, multi-lived
a: Begin Untransformation


You were on level 2 of the Dungeon.
You were a hulking beast.
You visited 1 branch of the dungeon, and saw 2 of its levels.

You collected 63 gold pieces.

Inventory:

Talismans
 b - a beast talisman
 c - a flux talisman
Scrolls
 g - a scroll of immolation {unknown}
Potions
 a - a potion of lignification
 d - 2 potions of mutation {unknown}
 e - 3 potions of attraction {unknown}
 f - a potion of curing {unknown}


   Skills:
 - Level 1.9 Fighting
 + Level 3.5 Dodging
 + Level 3.4 Unarmed Combat
 + Level 3.0 Shapeshifting


You had 2 spell levels left.
You didn't know any spells.
Your spell library was empty.

Dungeon Overview and Level Annotations

Branches:
Dungeon (2/15)

Altars:

Shops:
D:1 :

Annotations:
D:2 Crazy Yiuf, Robin


Innate Abilities, Weirdness & Mutations

You are a hulking beast.
Your limbs bulge with bestial killing power. (Slay +1)
You have sharp claws.
You have razor-sharp teeth.
You have supernaturally acute eyesight. (SInv)
You are covered in fur. (AC +1)
Your paws help you pounce on unaware monsters.
You are incapable of wielding weapons or throwing items.
You cannot wear armour.
You gain extra lives every three experience levels.


Message History

The giant cockroach completely misses you.
You see here 7 gold pieces.
You scratch the giant cockroach.
The giant cockroach is heavily wounded.
The giant cockroach completely misses you.
You claw the giant cockroach!
You kill the giant cockroach!
No target in view!
You now have 63 gold pieces (gained 7).
g - a scroll labelled ZUMORYX IDOAR
Found 6 large rocks.
Found a runed hammer.
Found a hammer.
Found a hammer.
You see here a +0 hammer.
Found five hammers, a glowing hammer and a translucent hammer.
Found a runed translucent door.
You see here a +0 hammer.
Found a hammer.
You see here a +0 hammer.
You see here a +0 hammer.
Found three hammers.
You see here a +0 hammer.
You open the door. You scratch Crazy Yiuf.
Crazy Yiuf is moderately wounded.
Crazy Yiuf barely misses you.
You closely miss Crazy Yiuf. You bite Crazy Yiuf.
Crazy Yiuf is heavily wounded.
Crazy Yiuf hits you with a +2 quarterstaff of chaos!
Ouch! That really hurt!
* * * LOW HITPOINT WARNING * * *
Crazy Yiuf freezes you.
* * * LOW HITPOINT WARNING * * *
Unknown command.
You claw Crazy Yiuf!
Crazy Yiuf is severely wounded.
Crazy Yiuf hits you with a +2 quarterstaff of chaos!
Ouch! That really hurt!
You die...

...########
.. #####
#).)# #)))#
))) #g#
#h##
########
##)#
#.......
#)##
#...[...
##)#
#....†..
##)##
#.......
#### ##..)#
#.......
#..# #...P#
#.......
#..# #....#
#####.##
#..##
#....# #.##


You could see Crazy Yiuf.

Vanquished Creatures
  An adder (D:2)
  5 endoplasms
  4 giant cockroaches
  6 goblins
  3 hobgoblins
  2 quokkas (D:1)
  A ball python (D:1)
  3 bats
  6 kobolds (D:1)
  5 rats
36 creatures vanquished.

Notes
Turn   | Place    | Note
-------+----------+-------------------------------------------
     0 | D:1      | hawla the Felid Shapeshifter began the quest for the Orb.
     0 | D:1      | Reached XP level 1. HP: 10/10 MP: 2/2
   110 | D:1      | Reached XP level 2. HP: 14/14 MP: 3/3
   110 | D:1      | Found Puics's Book Shop.
   651 | D:2      | Noticed Robin
   662 | D:2      | Reached XP level 3. HP: 10/18 MP: 4/4
   697 | D:2      | Slain by Robin
   697 | D:2      | Lost a life (0 lives remaining)
  1015 | D:2      | Found a runed translucent door.
  1016 | D:2      | Noticed Crazy Yiuf
  1022 | D:2      | Mangled by Crazy Yiuf

Illustrated notes

Levels and vault maps discovered:
D:1:      dpeg_arrival_water_temple_mockup, layout_basic, serial_shops, shop,
          amcnicky_mini_corridor_feature
D:2:      layout_basic, uniq_robin, uniq_crazy_yiuf_cottage, uniq_terence

Skill      XL: |  1  2  3 |
---------------+----------+-----
Dodging        | 3 |  3.5
Shapeshifting  | 3 |  3.0
Fighting       | |  1.9
Unarmed Combat | |  3.4

Action                     || total
---------------------------++-------
  Melee: Unarmed           ||    75
         Bite              ||     6
         Punch             ||     2
    Use: Scroll            ||     1
   Stab: Sleeping          ||     1
 Armour: Skin              ||    19
  Dodge: Dodged            ||    53
